 Dungeon Crawl Stone Soup version 0.31-a0-233-g139696dc86 (webtiles) character file.

Game seed: 2950105010331126888

219 qw the Shooter (level 5, -1/31 HPs)
             Began as a Gargoyle Hexslinger on July 8, 2023.
             Slain by Duvessa
             ... wielding a +2 short sword of venom
              (9 damage)
             ... on level 4 of the Dungeon.
             The game lasted 00:01:35 (3141 turns).

qw the Shooter (Gargoyle Hexslinger)                Turns: 3141, Time: 00:01:35

Health: -1/31      AC: 12    Str: 11    XL:     5   Next: 96%
Magic:  6/6        EV: 10    Int: 17    God:
Gold:   68         SH:  0    Dex: 13    Spells: 5/6 levels left

rFire   . . .        Y - +1 sling
rCold   . . .        (no shield)
rNeg    + . .        b - +0 ring mail
rPois   inf          (helmet restricted)
rElec   +            (no cloak)
rCorr   .            n - +2 pair of gloves
SInv    .            (no boots)
Will    .....        (no amulet)
Stlth   +            (no ring)
HPRegen 0.25/turn    (no ring)
MPRegen 0.10/turn

%: no passive effects
@: flying
A: sickness immunity, AC +4, negative energy resistance 1, electricity
resistance, torment resistance 1, petrification resistance, big wings, horns 1,
talons 1, clever 1, evolution 1
a: no special abilities


You were on level 4 of the Dungeon.
You visited 1 branch of the dungeon, and saw 4 of its levels.

You collected 94 gold pieces.
You spent 26 gold pieces at shops.


Innate Abilities, Weirdness & Mutations

You are immune to sickness and miasma.
Your stone body is resilient. (AC +4)
You are immune to poison.
You resist negative energy. (rN+)
You are resistant to electric shocks. (rElec)
You are resistant to unholy torment.
You are immune to petrification.
Your large and strong wings let you fly.
You have a pair of small horns on your head.
You have sharp toenails.
Your mind is acute. (Int +4, Str/Dex -1)
You have hidden genetic potential.


   Skills:
 + Level 2.7 Fighting
 - Level 5.2 Ranged Weapons
 - Level 1.3 Armour
 - Level 1.5 Dodging
 - Level 1.0 Spellcasting
 - Level 2.6 Hexes


You had 5 spell levels left.
You knew the following spells:

 Your Spells              Type           Power      Damage    Failure   Level
a - Slow                  Hex            36%        N/A       17%         1

Your spell library contained the following spells:

 Spells                   Type           Power      Damage    Failure   Level
 Inner Flame              Hex/Fire       5%         N/A       65%         3
 Portal Projectile        Hex/Tloc       10%        N/A       65%         3
 Cause Fear               Hex            4%         N/A       86%         4

Inventory:

Hand Weapons
 Y - a +1 sling (weapon)
Armour
 b - a +0 ring mail (worn)
 n - a +2 pair of gloves (worn)
Scrolls
 l - a scroll of identify
Potions
 a - 2 potions of cancellation {unknown}
 c - a potion of brilliance {unknown}
 d - a potion of degeneration {unknown}
 e - a potion of resistance {unknown}
 g - a potion of ambrosia {unknown}
 h - a potion of mutation
 i - a potion of lignification {unknown}
 j - a potion of curing
 m - a potion of invisibility {unknown}

Dungeon Overview and Level Annotations

Branches:
Dungeon (4/15)
 Temple: D:4-7

Altars:
Gozag
Vehumet
The Shining One

Shops:
D:1 [

Annotations:
D:4 Dowan, Duvessa


Message History

Duvessa is moderately wounded.
Duvessa hits you but does no damage. Dowan hits you with a +0 dagger.
You shoot a sling bullet.
The sling bullet closely misses Duvessa.
Duvessa hits you but does no damage.
Dowan laughs at you. "Don't get delusional, you can't win!"
Dowan gestures at Duvessa while chanting.
Duvessa seems to speed up.
You shoot a sling bullet. The sling bullet hits Duvessa.
Duvessa is moderately wounded.
Duvessa hits you but does no damage. Dowan hits you with a +0 dagger.
Duvessa hits you but does no damage.
Dowan mumbles some strange words.
Dowan blinks!
You shoot a sling bullet.
The sling bullet closely misses Duvessa.
Duvessa barely misses you. Duvessa misses you.
Dowan points at you and mumbles some strange words.
The puff of frost hits you.
3138 ||| DRINKING potion of heal wounds.
You feel much better.
Duvessa hits you with a +2 short sword of venom!
The endoplasm freezes you.
You are frozen.
Duvessa hits you but does no damage.
You shoot a sling bullet. The sling bullet barely misses Duvessa.
Duvessa hits you but does no damage. The endoplasm closely misses you.
Duvessa closely misses you.
You shoot a sling bullet. The sling bullet hits Duvessa.
Duvessa is moderately wounded.
Duvessa hits you with a +2 short sword of venom.
The endoplasm barely misses you.
Duvessa hits you with a +2 short sword of venom.
The endoplasm hits you but does no damage.
Dowan casts a spell.
Dowan blinks!
You shoot a sling bullet.
The sling bullet hits Duvessa but does no damage.
Duvessa is moderately wounded.
Duvessa hits you with a +2 short sword of venom!
You die...

.# #.# .# #.# .# ######.#
### .# #......# #.. .#
#.###########.# # .#
#.#.........e.$.#
.###.#.#.......#.#.####.
.............ยค..eJ......
..##.#)#.#####.#@#
..##.#.#.#####.#.#
.......:.....#.#.#
..#######....#.#.#
.................#
#########....##........
##............###.##
#...##....#####
#...##....#


You could see Duvessa (fast), Dowan and an endoplasm.

Vanquished Creatures
  A jelly (D:4)
  An orc wizard (D:2)
  3 gnolls (D:4)
  6 adders
  An ufetubus (D:3)
  A worm (D:3)
  A dart slug (D:2)
  3 orcs
  5 ball pythons
  6 endoplasms
  7 goblins
  5 hobgoblins
  8 jackals
  3 quokkas
  4 bats
  4 frilled lizards
  4 kobolds
  5 rats
68 creatures vanquished.

Notes
Turn   | Place    | Note
-------+----------+-------------------------------------------
     0 | D:1      | qw the Gargoyle Hexslinger began the quest for the Orb.
     0 | D:1      | Reached XP level 1. HP: 12/12 MP: 2/2
     0 | D:1      | 0 ||| qw: Version: 0.3-a-46-gb1f654a
     0 | D:1      | 0 ||| qw: Game counter: 3566
     0 | D:1      | 0 ||| qw: Melee chars always use a shield: true
     0 | D:1      | 0 ||| qw: God list: Okawaru
     0 | D:1      | 0 ||| qw: Allow faded altars: false
     0 | D:1      | 0 ||| qw: Do Orc after clearing Dungeon:15 true
     0 | D:1      | 0 ||| qw: Do second Lair branch before Depths: true
     0 | D:1      | 0 ||| qw: Lair rune preference: random
     0 | D:1      | 0 ||| qw: Goals: Normal
     0 | D:1      | 0 ||| PLANNING D:1-11
   509 | D:1      | Reached XP level 2. HP: 16/16 MP: 3/3
   511 | D:1      | Found Gusofasua's Armour Boutique.
   520 | D:1      | 520 ||| BUYING +0 leather armour (26 gold).
   520 | D:1      | Bought a +0 leather armour for 26 gold pieces
   520 | D:1      | 520 ||| SHOPLISTING +9 ring mail of the Nice God {rElec
                  | Dex+3} (900 gold, have 3).
   825 | D:1      | 825 ||| UPGRADING to +0 leather armour.
   835 | D:1      | 835 ||| DROPPING +0 robe.
   836 | D:1      | 836 ||| UPGRADING to +2 pair of gloves.
   841 | D:1      | 841 ||| DROPPING ring of magical power.
   842 | D:1      | 842 ||| READING 2 scrolls labelled AHOM PAIRONEJ.
   843 | D:1      | 843 ||| READING scroll labelled TODYCW KYCKABB.
   844 | D:1      | 844 ||| READING 2 scrolls labelled SISCHI HYETEPSY.
   845 | D:1      | 845 ||| DRINKING 4 dark potions.
   846 | D:1      | 846 ||| DRINKING 2 silvery potions.
   846 | D:1      | Gained mutation: You have a pair of small horns on your
                  | head. [potion of mutation]
   846 | D:1      | Gained mutation: You have hidden genetic potential. [potion
                  | of mutation]
   846 | D:1      | Gained mutation: You have great hidden genetic potential.
                  | [potion of mutation]
   847 | D:1      | 847 ||| DROPPING scroll of blinking.
   848 | D:1      | 848 ||| DROPPING scroll of poison.
   902 | D:2      | Reached skill level 3 in Ranged Weapons
  1060 | D:2      | Reached XP level 3. HP: 21/21 MP: 4/4
  1077 | D:2      | Gained mutation: You have sharp toenails. [hidden
                  | potential]
  1144 | D:2      | Found a faded altar of an unknown god.
  1580 | D:2      | 1580 ||| DROPPING +1 pair of gloves.
  1581 | D:2      | 1581 ||| READING scroll labelled LUSTON BICOGA.
  1582 | D:2      | 1582 ||| READING scroll labelled YPTEAT HIAGG.
  1583 | D:2      | 1583 ||| DRINKING 2 metallic cyan potions.
  1614 | D:3      | Found an opulent altar of Gozag.
  1676 | D:3      | Reached XP level 4. HP: 26/26 MP: 5/5
  1732 | D:3      | Gained mutation: Your large and strong wings let you fly.
                  | [hidden potential]
  1732 | D:3      | Lost mutation: You have great hidden genetic potential.
                  | [hidden potential expressed]
  1826 | D:3      | Reached skill level 4 in Ranged Weapons
  2127 | D:3      | Reached XP level 5. HP: 30/30 MP: 6/6
  2153 | D:3      | Gained mutation: Your mind is acute. (Int +4, Str/Dex -1)
                  | [hidden potential]
  2167 | D:3      | Found a radiant altar of Vehumet.
  2304 | D:3      | 2304 ||| FLEEEEING.
  2306 | D:3      | 2306 ||| FLEEEEING.
  2307 | D:3      | 2307 ||| FLEEEEING.
  2308 | D:3      | 2308 ||| FLEEEEING.
  2309 | D:3      | 2309 ||| FLEEEEING.
  2311 | D:3      | 2311 ||| FLEEEEING.
  2312 | D:3      | 2312 ||| FLEEEEING.
  2314 | D:3      | 2314 ||| FLEEEEING.
  2315 | D:3      | 2315 ||| FLEEEEING.
  2316 | D:3      | 2316 ||| FLEEEEING.
  2317 | D:3      | 2317 ||| FLEEEEING.
  2320 | D:3      | 2320 ||| FLEEEEING.
  2321 | D:3      | 2321 ||| FLEEEEING.
  2322 | D:3      | 2322 ||| FLEEEEING.
  2323 | D:3      | 2323 ||| FLEEEEING.
  2329 | D:3      | 2329 ||| FLEEEEING.
  2330 | D:3      | 2330 ||| FLEEEEING.
  2331 | D:3      | 2331 ||| FLEEEEING.
  2335 | D:3      | 2335 ||| FLEEEEING.
  2336 | D:3      | 2336 ||| FLEEEEING.
  2337 | D:3      | 2337 ||| FLEEEEING.
  2341 | D:3      | 2341 ||| FLEEEEING.
  2342 | D:3      | 2342 ||| FLEEEEING.
  2343 | D:3      | 2343 ||| FLEEEEING.
  2344 | D:3      | 2344 ||| FLEEEEING.
  2345 | D:3      | 2345 ||| FLEEEEING.
  2346 | D:3      | 2346 ||| FLEEEEING.
  2347 | D:3      | 2347 ||| FLEEEEING.
  2348 | D:3      | 2348 ||| FLEEEEING.
  2349 | D:3      | 2349 ||| FLEEEEING.
  2353 | D:3      | 2353 ||| FLEEEEING.
  2354 | D:3      | 2354 ||| FLEEEEING.
  2355 | D:3      | 2355 ||| FLEEEEING.
  2358 | D:3      | 2358 ||| STAIRDANCE
  2405 | D:2      | 2405 ||| UPGRADING to +0 ring mail.
  2415 | D:2      | 2415 ||| DROPPING +0 leather armour.
  2422 | D:3      | 2422 ||| FLEEEEING.
  2423 | D:3      | 2423 ||| FLEEEEING.
  2424 | D:3      | 2424 ||| FLEEEEING.
  2425 | D:3      | 2425 ||| FLEEEEING.
  2435 | D:3      | 2435 ||| FLEEEEING.
  2436 | D:3      | 2436 ||| FLEEEEING.
  2440 | D:3      | 2440 ||| STAIRDANCE
  2470 | D:3      | 2470 ||| STAIRDANCE
  2472 | D:2      | 2472 ||| DRINKING 2 potions of curing.
  2472 | D:2      | 2472 ||| (to cure confusion)
  2477 | D:3      | 2477 ||| STAIRDANCE
  2503 | D:2      | Reached skill level 1 in Armour
  2816 | D:4      | HP: 1/30 [acid (8)]
  2817 | D:4      | 2817 ||| DRINKING 3 potions of heal wounds.
  2820 | D:4      | Reached skill level 5 in Ranged Weapons
  2841 | D:4      | HP: 6/30 [kobold/+0 dagger (2)]
  2842 | D:4      | 2842 ||| DRINKING 2 potions of heal wounds.
  2882 | D:4      | Found a glowing golden altar of the Shining One.
  3117 | D:4      | Noticed Duvessa
  3119 | D:4      | Noticed Dowan
  3137 | D:4      | HP: 5/31 [Dowan/puff of frost (3)]
  3138 | D:4      | 3138 ||| DRINKING potion of heal wounds.
  3141 | D:4      | Slain by Duvessa

Levels and vault maps discovered:
D:1:      dpeg_chamrin_arrival_tetris, layout_basic, serial_shops,
          nicolae_shop_tiny_glass
D:2:      layout_loops_cross, hellmonk_ecumenical_altar_crossroads
D:3:      layout_loops_ring, grunt_gozag_statues, lemuel_coloured_pillars_altar
D:4:      layout_basic, tso_oasis_becter, kennysheep_path_1,
          hangedman_decor_slide_cut, minmay_shop_enchanted_jewellery,
          uniq_duvessa, uniq_natasha

Skill      XL: |  1  2  3  4  5 |
---------------+----------------+-----
Ranged Weapons | 3 4 5 |  5.2
Fighting       | 2 |  2.7
Armour         | 1 |  1.3
Dodging        | |  1.5
Spellcasting   | |  1.0
Hexes          | |  2.6

Action                     |  1- 3 |  4- 6 || total
---------------------------+-------+-------++-------
   Fire: Sling             |   154 |   223 ||   377
    Use: Scroll            |     5 |       ||     5
         Potion            |     3 |     4 ||     7
 Armour: Leather armour    |    52 |    32 ||    84
         Robe              |     3 |       ||     3
         Ring mail         |       |    62 ||    62
  Dodge: Dodged            |    84 |    89 ||   173

Table legend:
 A = Non-vault XP
 B = Vault XP
 C = Vault XP percentage of total XP
 D = Non-vault monster count
 E = Vault monster count
 F = Vault count percentage of total count
                 A         B        C        D         E       F
            +---------+---------+-------+---------+---------+-------
      Total |     314 |       0 |   0.0 |      68 |       0 |   0.0
            +---------+---------+-------+---------+---------+-------
        D:1 |      15 |       0 |   0.0 |       9 |       0 |   0.0
        D:2 |      93 |       0 |   0.0 |      28 |       0 |   0.0
        D:3 |     116 |       0 |   0.0 |      25 |       0 |   0.0
        D:4 |      90 |       0 |   0.0 |       6 |       0 |   0.0
            +---------+---------+-------+---------+---------+-------
